 Dungeon Crawl Stone Soup version 0.17-a0-1404-gb8113a6 (webtiles) character file.

625 urechis the Spear-Bearer (level 7, -7/50 HPs)
             Began as a Merfolk Gladiator on June 21, 2015.
             Mangled by Pikel
             ... wielding a +1 whip of electrocution
              (15 damage)
             ... on level 3 of the Dungeon.
             The game lasted 00:11:35 (4052 turns).

urechis the Spear-Bearer (Merfolk Gladiator)        Turns: 4052, Time: 00:11:35

Health: -7/50      AC:  7    Str: 15    XL:     7   Next: 47%
Magic:  7/7        EV: 14    Int:  7    God:
Gold:   219        SH:  0    Dex: 17    Spells: 0 memorised, 6 levels left

rFire  . . .     SeeInvis .     a - +0 trident
rCold  . . .     Clarity  .     b - +0 leather armour
rNeg   . . .     SustAt   .     (no shield)
rPois  .         Gourm    .     c - +0 helmet
rElec  .         Spirit   .     w - +1 cloak
rCorr  .         Warding  .     (no gloves)
rMut   .         Rnd*Tele +     l - +0 pair of boots
MR     .....                    (no amulet)
Stlth  +.........               (no ring)
                                t - ring of teleportation (curse)

@: not resistant to hostile enchantments, very unstealthy
A: change form in water, swift swim
a: Evoke Teleportation


You were on level 3 of the Dungeon.
You were very hungry.

You visited 1 branch of the dungeon, and saw 4 of its levels.
You also visited: Sewer.

You collected 219 gold pieces.

Inventory:

Hand weapons
 a - a +0 trident (weapon)
Missiles
 e - 3 throwing nets (quivered)
Armour
 b - a +0 leather armour (worn)
 c - a +0 helmet (worn)
 l - a +0 pair of boots (worn)
 w - a +1 cloak (worn)
Jewellery
 h - an uncursed ring of magical power {unknown}
 t - a cursed ring of teleportation (left hand)
Magical devices
 k - a wand of flame (28)
Scrolls
 i - a scroll of recharging {unknown}
 j - a scroll of amnesia {unknown}
 m - a scroll of random uselessness {unknown}
 n - a scroll of noise {unknown}
 q - 2 scrolls of fog
 u - 3 scrolls of teleportation
 v - 2 scrolls of enchant weapon {unknown}
 y - a scroll of identify
Potions
 f - 2 potions of heal wounds
 o - 4 potions of flight
 p - 3 potions of curing
 r - 2 potions of lignification
 x - a potion of degeneration {unknown}
 z - a potion of brilliance {unknown}
Comestibles
 d - 4 bread rations
 g - 5 fruits
 s - 2 slices of pizza


   Skills:
 - Level 2.1 Fighting
 + Level 11.7 Polearms
 - Level 2.0 Throwing
 - Level 4.0 Dodging


You had 6 spell levels left.
You didn't know any spells.

Dungeon Overview and Level Annotations

Branches:
Dungeon (4/15)
 Temple: D:4-7

Altars:
Elyvilon
Nemelex Xobeh
Xom

Shops:
D:4 *

Annotations:
D:3 Pikel


Message History

Pikel is lightly wounded.
You puncture Pikel!
Pikel is heavily wounded.
Pikel hits you but does no damage.
You are electrocuted!
* * * LOW HITPOINT WARNING * * *
You closely miss Pikel.
Pikel is heavily wounded.
Pikel closely misses you.
You closely miss Pikel.
Pikel is heavily wounded.
You hit Pikel but do no damage.
Pikel is heavily wounded.
Pikel hits you with a whip of electrocution.
* * * LOW HITPOINT WARNING * * *
You hit Pikel.
Pikel is heavily wounded.
Pikel hits you with a whip of electrocution.
* * * LOW HITPOINT WARNING * * *
You are electrocuted!
You die...

.# #.##.## ######.#.#####.... .#
#.##.# #.#.########. .# #.##.#
#.#.........> .#####.##.#
##.##########. .......##.#
#........# #. ..........#######
#..#####.# #. ................#
#..#...#.## #.
#########.#....K####.........###.
#### #.#.....@................
...######.#.....####...<.....####
##...........................#
###################.........#
#....[...## ###.....## ##...##
#####


You could see Pikel.

Vanquished Creatures
  2 slaves (D:4)
  An ogre (D:4)
  A big kobold (Sewer)
  Blork the orc (D:4)
  A giant frog (D:3)
  An orc priest (D:3)
  An orc wizard (D:3)
  Crazy Yiuf (D:4)
  A worker ant (D:4)
  An iguana (D:4)
  3 river rats
  8 adders
  2 oozes (D:1)
  4 worms
  3 orcs
  10 bats
  4 giant cockroaches (D:3)
  8 hobgoblins
  2 jackals (Sewer)
  3 quokkas
  4 giant geckos
  4 giant newts
  7 goblins
  12 kobolds
  11 rats
  A fungus (D:4)
97 creatures vanquished.

Vanquished Creatures (others)
  A hobgoblin (D:3)
1 creature vanquished.

Grand Total: 98 creatures vanquished

Notes
Turn   | Place    | Note
--------------------------------------------------------------
     0 | D:1      | urechis the Merfolk Gladiator began the quest for the Orb.
     0 | D:1      | Reached XP level 1. HP: 16/16 MP: 1/1
   144 | D:1      | Reached skill level 5 in Polearms
   144 | D:1      | Reached XP level 2. HP: 22/22 MP: 2/2
   530 | D:2      | Reached skill level 6 in Polearms
   530 | D:2      | Reached XP level 3. HP: 22/27 MP: 3/3
   992 | D:2      | Reached skill level 7 in Polearms
   992 | D:2      | Reached XP level 4. HP: 30/33 MP: 4/4
  1379 | D:3      | Found a shimmering altar of Xom.
  1422 | D:3      | Reached skill level 8 in Polearms
  1422 | D:3      | Reached XP level 5. HP: 28/38 MP: 5/5
  1605 | D:3      | Found a white marble altar of Elyvilon.
  2067 | D:3      | Reached skill level 9 in Polearms
  2086 | D:3      | Found a glowing drain.
  2095 | Sewer    | Entered a sewer
  2101 | Sewer    | Reached XP level 6. HP: 38/44 MP: 6/6
  2237 | Sewer    | Reached skill level 10 in Polearms
  2379 | Sewer    | Found a white marble altar of Elyvilon.
  2816 | D:4      | Noticed Blork the orc
  2931 | D:4      | Found Jonoeshu's General Store.
  2992 | D:4      | Found a sparkling altar of Nemelex Xobeh.
  3373 | D:4      | Noticed Crazy Yiuf
  3384 | D:4      | Killed Crazy Yiuf
  3384 | D:4      | Reached XP level 7. HP: 26/50 MP: 7/7
  3647 | D:4      | Reached skill level 11 in Polearms
  3735 | D:4      | Killed Blork the orc
  3963 | D:4      | Noticed Pikel
  4052 | D:3      | Mangled by Pikel

Vault maps used:
D:1:      tarquinn_simple_flora_water_a, serial_bayou_pond_d
D:2:      first_bread
D:3:      elyvilon_altar_4, gup_sewer_entry_bubbles, xom_teletrap_fun
D:4:      nemelex_xobeh_ov_fountains_minmay, serial_shops, nicolae_shop_crystal,
          item_on_display_a, uniq_pikel, uniq_crazy_yiuf_cottage,
          uniq_blork_the_orc
Sewer:    sewer_kobolds

Action                   |  1- 3 |  4- 6 |  7- 9 || total
-------------------------+-------+-------+-------++-------
Melee: Trident           |    95 |   261 |    90 ||   446
  Use: Scroll            |       |     6 |       ||     6
       Potion            |       |       |     1 ||     1
 Stab: Sleeping          |       |     9 |       ||     9
  Eat: Chunk             |       |     7 |     1 ||     8
       Fruit             |       |       |     1 ||     1
